 Dungeon Crawl Stone Soup version 0.28.0 (webtiles) character file.

Game seed: 524599131468662966

583 RighteousDevil the Skirmisher (level 7, -1/63 HPs)
             Began as a Ghoul Warper on Feb 14, 2022.
             Was a Plaything of Xom.
             Slain by an iguana (10 damage)
             ... on level 5 of the Dungeon.
             The game lasted 00:09:11 (5718 turns).

RighteousDevil the Skirmisher (Ghoul Warper)        Turns: 5718, Time: 00:09:12

Health: -1/63      AC:  8    Str: 17    XL:     7   Next: 37%
Magic:  9/9        EV:  9    Int:  8    God:    Xom [.*....]
Gold:   95         SH:  0    Dex:  8    Spells: 8/10 levels left

rFire   . . .      SeeInvis .   a - +0 short sword (protect)
rCold   + . .      Faith    .   (no shield)
rNeg    + + +      Spirit   .   q - +1 scale mail
rPois   ∞          Reflect  .   (no helmet)
rElec   .          Harm     .   (no cloak)
rCorr   .          Rampage  .   (no gloves)
Will    .....                   h - +0 pair of boots
Stlth   ..........              (no amulet)
HPRegen 0.00/turn               (no ring)
MPRegen 0.11/turn               (no ring)

@: mighty, inhibited regen
A: claws 1, cold resistance 1, negative energy resistance 3, inhibited
regeneration, torment resistance 2
a: Renounce Religion


You were on level 5 of the Dungeon.
You worshipped Xom.
You were a plaything of Xom.
You visited 1 branch of the dungeon, and saw 5 of its levels.

You collected 151 gold pieces.
You spent 56 gold pieces at shops.

Inventory:

Hand Weapons
 a - a +0 short sword of protection (weapon)
 f - a +0 rapier
Missiles
 e - 15 boomerangs (quivered)
 p - 14 poisoned darts
Armour
 b - a +0 leather armour
 g - a +0 ring mail
 h - a +0 pair of boots (worn)
 q - a +1 scale mail (worn)
Wands
 d - a wand of paralysis (10)
Scrolls
 i - a scroll of fear
Potions
 c - a potion of attraction {unknown}
 k - 2 potions of cancellation
 l - a potion of berserk rage {unknown}
 n - a potion of flight
 o - a potion of heal wounds {unknown}
 s - a potion of haste {unknown}


   Skills:
 + Level 6.1 Fighting
 + Level 5.0 Short Blades
 - Level 0.8 Throwing
 - Level 1.0 Armour
 - Level 2.0 Dodging
 - Level 2.0 Spellcasting
 - Level 3.0 Translocations


You had 8 spell levels left.
You knew the following spells:

 Your Spells              Type           Power      Damage    Failure   Level
a - Blink                 Tloc           10%        N/A       50%         2

Your spell library contained the following spells:

 Spells                   Type           Power      Damage    Failure   Level
 Gell's Gravitas          Tloc           5%         N/A       73%         3
 Lesser Beckoning         Tloc           5%         N/A       73%         3
 Teleport Other           Tloc           5%         N/A       73%         3
 Confusing Touch          Hex            0%         N/A       98%         3
 Manifold Assault         Tloc           5%         N/A       100%        5
 Yara's Violent Unravell  Hex/Tmut       0%         3d3       100%        5
 Enfeeble                 Hex            0%         N/A       100%        7


Dungeon Overview and Level Annotations

Branches:
Dungeon (5/15)
 Temple: D:4-7

Altars:
Dithmenos
Sif Muna
Xom

Shops:
D:1 (   D:5 ?(

Annotations:
D:2 1 runed translucent door, Crazy Yiuf
D:3 3 runed translucent doors, ColonelForbin's ghost, amateur GnWn
D:5 Eustachio


Innate Abilities, Weirdness & Mutations

You thrive by killing the living.
You are immune to poison.
You have sharp fingernails.
Your flesh is cold resistant. (rC+)
You are immune to negative energy. (rN+++)
You do not regenerate when monsters are visible.
You are immune to unholy pain and torment.


Message History

The scorpion is moderately wounded.
The scorpion barely misses you.
You completely miss the scorpion.
The scorpion is moderately wounded.
The scorpion stings you but does no damage.
You hit the scorpion.
The scorpion is moderately wounded.
The scorpion barely misses you.
You completely miss the scorpion.
The scorpion is moderately wounded.
The scorpion barely misses you.
You puncture the scorpion!
The scorpion is severely wounded.
The scorpion stings you but does no damage.
You puncture the scorpion!
You kill the scorpion!
Your Fighting skill increases to level 6!
Your Short Blades skill increases to level 5!
You barely miss the phantom. The phantom closely misses you.
You miss the phantom.
The phantom hits you but does no damage.
You hit the phantom.
The phantom is lightly damaged.
Eustachio mumbles some strange words.
Eustachio blinks!
The phantom hits you.
* * * LOW HITPOINT WARNING * * *
The phantom blinks!
Eustachio yells, "Perjured traitor, DIE!" "Get over here!"
The phantom blinks!
Found a scroll labelled BOYMIC IGUYFF.
An orc comes into view.
It is wielding a +0 short sword and wearing a +1 chain mail of fire resistance.
The orc hits your crimson imp with a +0 short sword.
Okay, then.
An orc comes into view. It is wielding a +0 hand axe.
Found a scroll labelled GIOZ OQYGICWO.
The orc shouts!
You hear two shouts!
The iguana bites you!
You die...
Xom bursts into laughter!

#. ..# # $ #...# #.# #.##.# .)
....# #### # #.. #.#..##
..####..# #.. ... # #.#...
##..[##l###.# #.#.# #...#
?#.)..#.....#### .#.#b#####.#.#
o#..?.#.##..##.Z @#...@.......#
.##.........l..#
...###.###@#.####..###...##..####
##.....##.....r.@l.....####......
b.o######..5#####....... ...#####
#### #...# #.......##### ## #.5.#
##.#.... .# #.5.# #.#..#. .@.#
#...# #...... §#.. .oo.? ## .
.... ...... §#..


You could see Eustachio, an iguana, an orc, a quokka and a friendly crimson imp
(summoned).

Vanquished Creatures
  A sky beast (D:5)
  A scorpion (D:5)
  A water moccasin zombie (D:5)
  A howler monkey (D:4)
  A centaur zombie (D:5)
  A hound (D:3)
  3 orc priests (D:4)
  A gnoll (D:2)
  4 adders
  6 dart slugs
  12 orcs
  9 ball pythons
  3 bats
  5 endoplasms
  4 giant cockroaches
  5 goblins
  9 hobgoblins
  8 jackals
  3 kobolds
  2 quokkas
  6 frilled lizards
  9 rats
95 creatures vanquished.

Vanquished Creatures (collateral kills)
  An orc wizard (D:4)
  An orc (D:4)
2 creatures vanquished.

Grand Total: 97 creatures vanquished

Notes
Turn   | Place    | Note
-------+----------+-------------------------------------------
     0 | D:1      | RighteousDevil the Ghoul Warper began the quest for the
                  | Orb.
     0 | D:1      | Reached XP level 1. HP: 17/17 MP: 2/2
   123 | D:1      | Reached skill level 1 in Armour
   262 | D:1      | Reached XP level 2. HP: 20/25 MP: 3/3
  1056 | D:1      | Reached XP level 3. HP: 23/30 MP: 5/5
  1117 | D:1      | Found Nahoch's Antique Weapon Boutique.
  1367 | D:2      | Learned a level 2 spell: Blink
  1463 | D:2      | Reached skill level 3 in Fighting
  1752 | D:2      | Reached XP level 4. HP: 21/38 MP: 6/6
  1900 | D:2      | Found a faded altar of an unknown god.
  1906 | D:2      | Prayed at the altar of an unknown god.
  1906 | D:2      | Became a worshipper of Xom of Chaos
  1969 | D:2      | XOM: potion effect (haste)
  2333 | D:2      | Found a runed translucent door.
  2334 | D:2      | Noticed Crazy Yiuf
  2897 | D:3      | Found a runed translucent gate.
  2899 | D:3      | Found a runed translucent gate.
  2899 | D:3      | Found a runed translucent gate.
  2901 | D:3      | Noticed ColonelForbin's ghost (amateur GnWn)
  3152 | D:3      | XOM: 1-stop teleportation journey
  3245 | D:3      | XOM: silly message
  3263 | D:3      | Reached XP level 5. HP: 27/46 MP: 7/7
  3461 | D:3      | XOM: silly message
  3572 | D:3      | XOM: cast spell 'Leda's Liquefaction'
  3580 | D:3      | XOM: noise
  3767 | D:3      | Reached skill level 4 in Fighting
  3826 | D:3      | XOM: silly message
  3860 | D:3      | XOM: silly message
  4117 | D:3      | XOM: divination: magic mapping
  4152 | D:3      | XOM: silly message
  4335 | D:3      | Found a shadowy altar of Dithmenos.
  4461 | D:3      | XOM: silly message
  4859 | D:4      | XOM: divination: detect creatures
  4871 | D:4      | XOM: confusion (+ monsters)
  4890 | D:4      | Reached XP level 6. HP: 17/55 MP: 8/8
  4928 | D:3      | Reached skill level 5 in Fighting
  5083 | D:3      | XOM: summons 3 hostile demons
  5513 | D:5      | XOM: stealth player
  5513 | D:5      | Entered Level 5 of the Dungeon
  5532 | D:5      | Found Vuremas's Weapon Shoppe.
  5562 | D:5      | Noticed a sky beast
  5578 | D:5      | Killed a sky beast
  5583 | D:5      | Noticed a two-headed ogre
  5585 | D:5      | XOM: stat loss: -1 Int (7/8)
  5602 | D:5      | XOM: summons 6 friendly demons
  5604 | D:5      | Found Agilaf's Magic Scroll Shoppe.
  5618 | D:5      | Reached XP level 7. HP: 11/62 MP: 9/9
  5670 | D:5      | Bought a scroll of identify for 28 gold pieces
  5670 | D:5      | Bought a scroll of identify for 28 gold pieces
  5679 | D:5      | XOM: potion effect (might)
  5682 | D:5      | XOM: summons 7 friendly demons
  5683 | D:5      | Found a shimmering blue altar of Sif Muna.
  5683 | D:5      | Noticed Eustachio
  5701 | D:5      | Reached skill level 6 in Fighting
  5701 | D:5      | Reached skill level 5 in Short Blades
  5709 | D:5      | XOM: blink monster(s)
  5718 | D:5      | Slain by an iguana

Illustrated notes

Levels and vault maps discovered:
D:1:      beargit_arrival_diablo_church, layout_loops_ring, serial_shops,
          nicolae_shop_crystal, minmay_pentomino_o2
D:2:      layout_loops_ring, ebering_ecumenical_altar_webs,
          cheibrodos_gnoll_hut, uniq_crazy_yiuf_cottage
D:3:      layout_loops_corners, nicolae_overflow_hidden_temple,
          gammafunk_ghost_split, minivault_27, st_stairs_1
D:4:      layout_loops_ring
D:5:      layout_loops_cross, minitemple, mainiacjoe_overflow_large_starburst,
          serial_shops, nicolae_diamond_shop, nicolae_shop_bloodbath_and_beyond,
          nicolae_shop_hallway_stairs, shop, minmay_bent, uniq_eustachio

Skill      XL: |  1  2  3  4  5  6  7 |
---------------+----------------------+-----
Armour         | 1 |  1.0
Short Blades   | 2 3 4 5 |  5.0
Dodging        | 2 |  2.0
Spellcasting   | 2 |  2.0
Translocations | 3 |  3.0
Fighting       | 3 4 5 6 |  6.1
Throwing       | |  0.8

Action                   |  1- 3 |  4- 6 |  7- 9 || total
-------------------------+-------+-------+-------++-------
Melee: Short sword       |   197 |   288 |    35 ||   520
       Punch             |     3 |     5 |     1 ||     9
Throw: Boomerang         |       |    18 |     5 ||    23
  Use: Scroll            |       |    14 |     3 ||    17
       Potion            |       |     4 |       ||     4
Armor: Ring mail         |    68 |    31 |       ||    99
       Scale mail        |       |   116 |    18 ||   134
Dodge: Dodged            |   111 |   167 |    17 ||   295
